cohdb
Replays
Latest Replays
All Replays
Popular Replays
Top Player Replays
Match Explorer
How It Works
Community
CoH3 Stats
Reddit
Sign in to upload your games and track your stats! →
Sign in with Steam
Match 41408342
Unlisted
Match 41408342
Overview
Messages
Build Orders
End
Pioneer Squad
Construct Infanterie Kompanie
MG 42 Machine Gun Team
MG 42 Machine Gun Team
Grenadier Squad
Construct Panzergrenadier Kompanie
MG 42 Machine Gun Team
Infanterie Officer Quarters
251 Medium Carrier
Support Elements
Nebelwerfer 42 Rocket Launcher Team
Selects Breakthrough Battlegroup
Selects Rapid Production
Selects Assault Grenadiers
Pak 40 Anti-tank Gun Team
Panzergrenadier Squad
251 Medium Carrier
Selects Blitzkrieg
Construct Panzer Kompanie
Microsoft Outlook
deadsadbadmad
Borland
Teodor Colt
0
0
Comments
sign in to comment!
No comments posted yet!